Map: Romanticide LE

Players

TriGGeR - Winner!

  • Race: Protoss Protoss
  • League: Grandmaster

Vindicta

  • Race: Terran Terran
  • League: Grandmaster

Event: DreamHack SC2 Masters 2021 Summer

VOD

Have the link to the VOD?

Description

Time

  • Played on: May 25, 2021, 4:57 p.m.
  • Length: 23:57

All games in this series

Show
View Real Time Build Order
Export as new Build Order

TriGGeR Protoss - Winner!

Build Orders: Phoenix Opening, Carriers, Proxy Void Ray 

Get SALT Encoding   

  12  0:09  Pylon  
  12  0:13  Probe  
  13  0:27  Gateway  
  13  0:30  Probe (Chrono Boost)  
  14  0:40  Probe (Chrono Boost), Assimilator  
  15  0:45  Probe (Chrono Boost)  
  15  0:49  Assimilator  
  16  0:57  Probe  
  17  1:09  Probe  
  18  1:14  Zealot  
  18  1:15  Cybernetics Core  
  20  1:21  Probe  
  21  1:26  Pylon  
  21  1:33  Probe  
  22  1:51  Stargate  
  22  1:53  Adept (Chrono Boost)  
  24  2:01  Probe  
  25  2:09  Pylon  
  25  2:26  Void Ray (Chrono Boost)  
  25  2:28  Probe  
  26  2:32  Shield Battery x2  
  30  2:42  Shield Battery  
  30  2:44  Probe  
  30  2:48  Warp Gate  
  31  2:58  Void Ray (Chrono Boost)  
  31  3:02  Probe  
  36  3:17  Shield Battery  
  35  3:35  Phoenix  
  36  3:46  Nexus  
  36  3:57  Probe  
  37  4:06  Phoenix  
  37  4:09  Pylon  
  39  4:18  Twilight Council  
  39  4:27  Probe  
  39  4:30  Phoenix (Chrono Boost)  
  42  4:39  Probe  
  43  4:51  Probe  
  44  4:52  Phoenix  
  46  5:07  Probe (Chrono Boost)  
  48  5:08  Probe (Chrono Boost)  
  48  5:10  Gateway  
  48  5:16  Probe (Chrono Boost)  
  48  5:17  Phoenix  
  48  5:18  Probe (Chrono Boost)  
  52  5:22  Probe, Shield Battery  
  53  5:31  Probe  
  53  5:34  Probe  
  53  5:35  Blink (Chrono Boost)  
  55  5:43  Probe  
  55  5:46  Probe  
  55  5:48  Stalker  
  59  5:55  Probe  
  60  5:59  Probe, Gateway  
  61  6:06  Pylon  
  61  6:10  Pylon  
  61  6:11  Pylon x2  
  61  6:17  Probe  
  62  6:19  Assimilator  
  62  6:28  Probe  
  62  6:29  Probe  
  64  6:35  Stalker x2  
  64  6:37  Nexus  
  66  6:41  Probe  
  66  6:46  Probe  
  68  6:51  Robotics Facility  
  68  6:53  Probe  
  69  6:54  Assimilator  
  69  7:01  Pylon  
  69  7:02  Probe  
  70  7:09  Probe (Chrono Boost)  
  70  7:13  Forge  
  70  7:15  Probe (Chrono Boost)  
  72  7:21  Probe (Chrono Boost)  
  73  7:23  Stalker x3  
  73  7:26  Probe (Chrono Boost)  
  73  7:29  Probe (Chrono Boost)  
  81  7:31  Probe (Chrono Boost)  
  81  7:36  Probe  
  83  7:42  Probe (Chrono Boost), Robotics Bay  
  80  7:45  Observer (Chrono Boost)  
  80  7:49  Probe (Chrono Boost)  
  80  7:51  Protoss Ground Weapons Level 1  
  83  7:53  Probe (Chrono Boost)  
  83  7:54  Shield Battery  
  83  7:58  Stalker x3  
  91  7:59  Probe x2 (Chrono Boost)  
  91  8:02  Probe (Chrono Boost)  
  91  8:04  Probe (Chrono Boost)  
  91  8:05  Probe  
  93  8:09  Assimilator  
  93  8:10  Observer (Chrono Boost), Assimilator  
  95  8:15  Probe  
  95  8:16  Charge (Chrono Boost)  
  95  8:17  Gateway  
  96  8:20  Gateway  
  100  8:30  Extended Thermal Lance  
  96  8:34  Observer, Pylon  
  96  8:37  Pylon  
  96  8:39  Colossus (Chrono Boost)  
  96  8:47  Gateway  
  100  8:51  Pylon  
  100  8:52  Gateway  
  98  8:59  Sentry x2  
  98  9:00  Zealot  
  104  9:05  Gateway  
  104  9:06  Gateway  
  104  9:10  Templar Archives  
  104  9:18  Colossus (Chrono Boost)  
  104  9:21  Pylon  
  104  9:23  Nexus  
  110  9:27  Pylon  
  110  9:37  Probe x2  
  110  9:38  Probe  
  113  9:41  Pylon  
  113  9:46  Zealot x3  
  113  9:47  Zealot x2  
  113  9:50  High Templar x2  
  113  9:52  Probe x2  
  129  9:54  Protoss Ground Armor Level 1 (Chrono Boost)  
  129  9:55  Pylon  
  129  9:57  Pylon  
  129  10:01  Archon, High Templar  
  129  10:02  High Templar  
  129  10:03  Probe, Forge  
  129  10:06  Disruptor  
  137  10:09  Probe  
  137  10:10  Probe  
  137  10:13  Robotics Facility  
  139  10:15  Probe, Observer  
  139  10:18  Archon  
  139  10:21  Probe  
  141  10:22  Probe  
  141  10:23  Gateway  
  141  10:24  Gateway  
  141  10:28  Gateway  
  142  10:30  Probe  
  143  10:36  Observer  
  143  10:38  Probe  
  143  10:41  Pylon  
  143  10:42  Disruptor  
  147  10:45  Photon Cannon  
  147  10:46  Observer  
  147  10:52  High Templar x4  
  147  10:53  Observer, Zealot x4  
  163  11:00  Archon, High Templar  
  165  11:10  Archon  
  165  11:14  Photon Cannon  
  165  11:15  Nexus  
  165  11:17  Disruptor (Chrono Boost), Zealot x5  
  178  11:19  High Templar  
  178  11:22  Protoss Ground Weapons Level 2 (Chrono Boost)  
  178  11:23  Archon  
  180  11:31  Pylon  
  180  11:36  Pylon x3  
  180  11:39  Pylon  
  180  11:47  Assimilator  
  180  11:48  Assimilator  
  180  11:49  Probe x3  
  180  11:52  Photon Cannon  
  180  11:54  Observer (Chrono Boost), Photon Cannon  
  187  11:55  Shield Battery  
  187  11:56  Disruptor (Chrono Boost)  
  187  11:57  Photon Cannon, Pylon  
  187  11:59  Protoss Ground Armor Level 2 (Chrono Boost)  
  187  12:06  Disruptor (Chrono Boost)  
  190  12:09  Probe x2  
  190  12:12  Dark Shrine  
  192  12:21  Probe x2  
  194  12:30  Gateway  
  194  12:32  Disruptor  
  194  12:33  Gateway  
  194  12:34  Observer  
  194  12:36  Gateway  
  197  12:40  Gateway  
  197  12:43  Probe x2  
  199  12:46  Observer  
  199  12:51  Photon Cannon  
  199  12:52  Nexus  
  199  12:53  Photon Cannon  
  199  12:55  Photon Cannon  
  197  13:07  Observer  
  198  13:16  Observer  
  198  13:17  Photon Cannon  
  195  13:24  Pylon  
  191  13:29  Shadow Stride (Chrono Boost)  
  189  13:34  Pylon  
  189  13:38  Dark Templar x5, Protoss Ground Weapons Level 3 (Chrono Boost)  
  189  13:39  Observer  
  189  13:40  Gravitic Boosters (Chrono Boost)  
  199  14:14  Protoss Ground Armor Level 3 (Chrono Boost)  
  193  14:26  Stargate  
  193  14:27  Stargate  
  193  14:29  Pylon  
  193  14:30  Dark Templar x6  
  193  14:31  Probe x3  
  200  14:39  Protoss Air Weapons Level 1  
  200  15:04  Photon Cannon  
  200  15:06  Photon Cannon  
  198  15:12  Stargate  
  195  15:14  Disruptor (Chrono Boost), Assimilator  
  195  15:15  Fleet Beacon  
  195  15:17  Stargate  
  195  15:19  Assimilator  
  189  15:24  Disruptor (Chrono Boost), Stalker x3  
  193  15:32  Zealot x3  
  199  15:38  Zealot x2  
  197  15:43  Disruptor  
  197  15:45  Photon Cannon  
  197  15:46  Photon Cannon  
  197  15:49  Photon Cannon  
  188  15:50  Photon Cannon  
  188  15:51  Photon Cannon  
  188  15:52  Disruptor  
  188  15:53  Photon Cannon  
  188  15:54  Zealot x13  
  195  16:05  Zealot x2  
  195  16:09  Stalker  
  192  16:12  Photon Cannon  
  188  16:25  Zealot x11  
  190  16:28  Stalker x4  
  186  16:39  Zealot  
  163  16:46  Zealot x3  
  163  16:47  Zealot x8  
  175  16:51  Stalker x3  
  175  16:52  Stalker  
  193  17:00  Carrier (Chrono Boost)  
  197  17:02  Zealot  
  199  17:11  Observer  
  198  17:40  Photon Cannon  
  198  17:44  Photon Cannon  
  198  17:45  Protoss Air Weapons Level 2 (Chrono Boost)  
  197  17:52  Stalker x2  
  197  17:53  Stalker x2  
  187  18:03  Dark Templar x6  
  199  18:26  Zealot x2  
  200  18:31  Zealot x3  
  200  18:32  Zealot  
  197  18:52  Carrier (Chrono Boost)  
  193  18:55  Carrier (Chrono Boost)  
  195  19:09  Carrier (Chrono Boost)  
  194  19:12  Protoss Shields Level 1 (Chrono Boost)  
  194  19:16  Cybernetics Core  
  200  19:21  Assimilator  
  200  19:23  Photon Cannon x2, Carrier (Chrono Boost), Assimilator  
  199  19:44  Carrier (Chrono Boost)  
  183  19:55  Photon Cannon  
  183  19:56  Carrier (Chrono Boost)  
  183  19:57  Photon Cannon, Shield Battery  
  183  19:58  Photon Cannon, Carrier (Chrono Boost)  
  183  19:59  Shield Battery  
  191  20:00  Photon Cannon  
  191  20:03  Photon Cannon  
  187  20:12  Protoss Air Armor Level 1 (Chrono Boost)  
  187  20:13  Protoss Air Weapons Level 3 (Chrono Boost)  
  179  20:17  Carrier (Chrono Boost)  
  179  20:19  Photon Cannon  
  179  20:23  Dark Templar x5  
  188  20:32  Zealot x8  
  188  20:33  Zealot x3  
  198  20:36  Carrier (Chrono Boost)  
  171  20:43  Disruptor x2  
  171  20:44  Carrier (Chrono Boost)  
  171  20:49  Carrier (Chrono Boost)  
  162  20:54  Zealot x3  
  164  21:05  Dark Templar x2  
  168  21:13  Photon Cannon  
  167  21:42  Carrier  
  165  21:47  Nexus  
  161  21:59  Immortal (Chrono Boost)  
  169  22:02  Immortal (Chrono Boost), Stalker  
  169  22:04  Stalker  
  146  22:37  Observer (Chrono Boost)  
  146  22:38  Probe x4  
  146  22:39  Probe  
  146  22:43  Observer (Chrono Boost)  
  153  22:50  Observer  
  149  23:16  Observer, Pylon  
  149  23:17  Disruptor  
Show
View Real Time Build Order
Export as new Build Order

Vindicta Terran 

Build Orders: Cyclone Opening 

Get SALT Encoding   

  12  0:00  SCV  
  13  0:12  SCV  
  14  0:19  Supply Depot  
  14  0:24  SCV  
  15  0:41  SCV  
  15  0:42  Barracks  
  16  0:45  Refinery  
  16  0:53  SCV  
  17  1:05  SCV  
  18  1:17  SCV  
  19  1:29  Marine  
  19  1:30  Orbital Command  
  20  1:46  Command Center  
  20  1:47  Marine  
  21  2:03  Factory  
  21  2:08  Bunker  
  21  2:13  Barracks Tech Lab  
  21  2:21  SCV, Supply Depot  
  22  2:32  Refinery  
  22  2:33  SCV  
  23  2:41  Bunker  
  23  2:44  Marine  
  24  2:52  Cyclone  
  24  2:55  SCV  
  28  3:03  Mag-Field Accelerator  
  28  3:04  SCV  
  29  3:11  Marine  
  30  3:15  SCV  
  31  3:24  Cyclone  
  33  3:30  Marine  
  33  3:34  SCV  
  34  3:38  SCV  
  33  3:52  Marine  
  33  3:53  SCV  
  35  3:59  Orbital Command  
  34  4:09  Starport  
  34  4:16  SCV  
  34  4:25  Cyclone  
  34  4:30  SCV  
  37  4:33  Barracks Reactor  
  37  4:44  SCV  
  37  4:47  Medivac  
  36  5:03  Siege Tank  
  36  5:04  SCV  
  36  5:06  Supply Depot  
  37  5:09  Marine x2  
  39  5:21  SCV  
  39  5:24  Viking  
  39  5:27  Marine  
  39  5:28  Marine  
  44  5:40  Cyclone  
  47  5:44  Marine  
  47  5:45  SCV, Marine  
  50  5:57  Viking  
  50  6:03  Orbital Command  
  53  6:09  Marine  
  54  6:13  Marine  
  54  6:16  Engineering Bay  
  54  6:31  Supply Depot  
  54  6:38  SCV, Cyclone  
  58  6:41  SCV  
  59  6:47  Command Center  
  59  6:52  SCV  
  59  6:54  SCV  
  61  6:57  Marine  
  61  6:59  Marine  
  63  7:04  SCV  
  64  7:10  SCV, Supply Depot  
  65  7:17  SCV  
  65  7:21  Siege Tank  
  69  7:23  SCV  
  69  7:29  SCV  
  68  7:35  SCV  
  66  7:41  SCV  
  67  7:47  SCV  
  67  7:48  Barracks  
  67  7:50  Barracks Tech Lab, Barracks  
  68  7:53  SCV  
  68  7:57  Terran Infantry Weapons Level 1  
  69  7:59  SCV  
  69  8:04  Orbital Command  
  70  8:05  SCV  
  70  8:08  Stimpack  
  70  8:11  SCV  
  72  8:16  Marauder  
  72  8:18  SCV  
  75  8:20  Starport Reactor  
  75  8:23  SCV  
  75  8:24  Factory Tech Lab  
  75  8:30  SCV x2  
  77  8:35  Refinery x2, SCV  
  77  8:36  Marine x2  
  80  8:42  SCV  
  80  8:43  Siege Tank  
  80  8:48  Combat Shield  
  84  8:49  SCV  
  84  8:50  Supply Depot  
  84  8:51  Marauder  
  84  8:55  Orbital Command  
  87  8:59  SCV, Marine  
  87  9:00  Supply Depot  
  87  9:01  SCV, Marauder  
  90  9:07  Missile Turret  
  90  9:11  SCV, Medivac  
  90  9:13  SCV  
  90  9:14  Marauder  
  96  9:22  Siege Tank  
  96  9:23  SCV  
  96  9:24  Bunker  
  100  9:25  SCV  
  100  9:26  SCV, Supply Depot  
  104  9:35  SCV, Marine  
  104  9:36  Marauder  
  109  9:38  SCV  
  109  9:42  SCV  
  109  9:43  Barracks  
  109  9:44  Barracks  
  108  9:47  SCV  
  108  9:49  Supply Depot  
  108  9:52  Supply Depot  
  110  9:53  Terran Infantry Armor Level 1  
  110  9:58  Refinery, Marauder  
  111  10:01  SCV  
  111  10:02  SCV, Ghost Academy  
  111  10:05  Marauder, Marine  
  116  10:07  SCV  
  116  10:13  Siege Tank  
  116  10:14  SCV  
  121  10:16  SCV  
  121  10:19  Marauder  
  121  10:20  SCV  
  121  10:21  Refinery  
  125  10:22  Supply Depot  
  125  10:26  SCV  
  125  10:28  SCV, Marauder  
  129  10:30  Concussive Shells  
  129  10:32  Barracks Tech Lab  
  129  10:33  Barracks Tech Lab, Enhanced Shockwaves  
  129  10:36  SCV  
  129  10:38  SCV  
  129  10:40  Ghost  
  133  10:44  SCV, Supply Depot  
  133  10:48  Ghost  
  135  10:50  Ghost  
  135  10:55  Viking  
  135  10:56  Viking  
  141  11:00  Supply Depot  
  141  11:08  Sensor Tower  
  142  11:18  Marine  
  142  11:19  Marauder, Marine  
  142  11:22  Marine  
  142  11:23  Marine, Supply Depot  
  142  11:24  Command Center  
  142  11:25  Medivac  
  151  11:26  Marine, Medivac  
  156  11:34  Missile Turret  
  156  11:36  Marine x2  
  156  11:37  Bunker  
  153  11:40  Ghost x2  
  153  11:44  SCV, Marine  
  153  11:46  Supply Depot  
  160  11:49  Armory  
  160  11:51  Engineering Bay  
  160  11:54  Marine  
  162  12:01  Marine  
  162  12:02  Ghost, Missile Turret  
  162  12:04  Missile Turret, Siege Tank  
  168  12:09  Viking  
  168  12:10  Viking  
  168  12:12  Marine  
  168  12:13  Marauder, Marine  
  168  12:14  SCV  
  175  12:26  Ghost  
  177  12:30  Marine  
  177  12:33  Marine  
  177  12:34  Marauder  
  181  12:42  Ghost  
  183  12:50  Viking x2  
  189  12:54  Ghost  
  189  12:55  Marine  
  194  12:59  Terran Infantry Weapons Level 2  
  194  13:02  Siege Tank  
  195  13:09  Terran Infantry Armor Level 2  
  195  13:10  Terran Ship Weapons Level 1  
  195  13:12  SCV x3  
  196  13:13  Refinery  
  196  13:17  Supply Depot  
  196  13:19  Planetary Fortress  
  196  13:21  Refinery  
  196  13:24  SCV  
  195  13:27  Sensor Tower  
  195  13:28  Marine  
  196  13:38  Marine, Command Center  
  196  13:39  Marauder  
  196  13:40  Marine  
  200  13:42  Starport  
  200  13:44  Missile Turret  
  200  14:06  Orbital Command  
  194  14:26  Ghost  
  194  14:29  Liberator  
  199  14:34  Starport Reactor  
  199  14:35  Missile Turret  
  199  14:43  Marine  
  193  14:53  Medivac  
  194  15:02  Personal Cloaking  
  194  15:03  Orbital Command  
  194  15:05  Terran Ship Weapons Level 2  
  194  15:06  Command Center  
  189  15:07  Command Center  
  189  15:08  SCV  
  189  15:12  Medivac  
  192  15:18  Marine  
  192  15:19  Marauder  
  187  15:23  Medivac  
  187  15:24  Marauder, Marine  
  192  15:29  Marine  
  192  15:30  Marauder  
  190  15:37  Marine  
  190  15:38  Medivac x2  
  190  15:40  Marauder  
  190  15:41  Marine  
  190  15:42  SCV x2, Medivac  
  197  15:43  SCV  
  197  15:46  Marauder  
  197  15:47  Marine, Command Center  
  194  15:53  SCV, Medivac  
  194  15:55  Marine  
  200  15:59  Terran Infantry Weapons Level 3  
  199  16:08  Medivac x2  
  197  16:12  Liberator, Missile Turret  
  197  16:13  Ghost  
  198  16:19  Terran Infantry Armor Level 3  
  198  16:20  Marine  
  198  16:21  Marauder  
  198  16:22  Liberator  
  198  16:25  Orbital Command  
  197  16:38  Marine x2, Liberator  
  197  16:39  Marauder x2  
  182  16:41  Marine  
  182  16:42  Marauder  
  185  16:49  SCV x2  
  185  16:50  SCV  
  188  16:56  Marine x2  
  188  16:57  SCV  
  188  16:59  Fusion Core  
  188  17:00  Marauder x2  
  188  17:01  Marauder  
  194  17:02  Liberator  
  194  17:03  Marine  
  198  17:12  Orbital Command  
  198  17:14  Marine x2  
  200  17:27  Planetary Fortress  
  200  17:28  Refinery  
  200  17:29  Refinery x2  
  200  17:30  Missile Turret  
  200  17:37  Terran Ship Weapons Level 3  
  200  17:51  Marauder, Marine  
  200  18:01  Marine  
  200  18:05  Advanced Ballistics  
  200  18:10  Missile Turret  
  181  18:36  Marine  
  181  18:37  Marauder  
  174  18:41  Marine x2  
  174  18:42  Marauder, Missile Turret  
  174  18:43  Nuke  
  174  18:44  Neosteel Armor  
  174  18:45  Liberator x3  
  174  18:46  Marine  
  185  18:54  Marine  
  178  18:56  Hi-Sec Auto Tracking  
  178  18:58  Marauder, Liberator  
  178  18:59  Marauder, Marine  
  178  19:02  Marine  
  186  19:04  Marine  
  187  19:12  Marine  
  187  19:17  Marine  
  188  19:19  Marine  
  188  19:20  Marine  
  188  19:21  Barracks, Marauder  
  188  19:22  Marauder  
  188  19:23  Barracks  
  195  19:28  Liberator  
  195  19:30  Marine  
  195  19:33  Ghost Academy x2  
  195  19:34  Marine  
  195  19:37  Marauder  
  195  19:38  Marine  
  198  19:43  Marine  
  200  19:45  Barracks  
  200  19:58  Nuke  
  199  20:09  Nuke x2  
  197  20:22  Terran Vehicle And Ship Armor Level 1  
  196  20:29  Viking  
  186  20:38  Viking  
  186  20:39  Ghost  
  186  20:40  Marine, Viking x2  
  178  20:46  Marauder x2, Marine x3  
  163  20:52  SCV x5  
  163  20:53  SCV x3  
  165  20:58  Marine  
  165  20:59  Barracks Tech Lab, Viking  
  165  21:04  SCV x3, Marine x3  
  168  21:07  Marine x2, Ghost, SCV  
  168  21:08  SCV, Viking  
  168  21:09  Liberator x2  
  186  21:16  Marine  
  186  21:17  Orbital Command  
  187  21:19  Ghost  
  187  21:20  SCV  
  187  21:21  Marine  
  187  21:22  Marine  
  187  21:23  Marauder  
  187  21:25  Ghost  
  196  21:29  Ghost, Viking  
  197  21:36  Ghost  
  196  21:43  Barracks Tech Lab  
  196  21:45  SCV  
  189  21:50  Missile Turret  
  189  21:51  Command Center, Viking  
  189  21:52  Viking  
  189  21:54  Marine x3  
  193  21:55  Viking  
  193  21:58  Marine  
  193  21:59  Viking  
  187  22:03  SCV x3  
  187  22:07  Marine x2  
  189  22:19  Marine x3  
  189  22:21  Viking  
  189  22:22  Viking  
  167  22:23  Marauder  
  167  22:24  Refinery  
  167  22:25  Refinery, Marine x2  
  167  22:27  Marine  
  167  22:29  Marine  
  122  22:37  Marine x3  
  122  22:39  Liberator  
  122  22:40  Liberator  
  122  22:43  Marine x2  
  133  22:44  SCV x2  
  133  22:47  Marine x2  
  138  22:55  Marine x3  
  132  22:59  SCV  
  132  23:00  SCV x3  
  132  23:01  Marine  
  132  23:02  Marine  
  139  23:07  Viking  
  139  23:11  Viking  
  142  23:15  Ghost  
  142  23:16  Ghost, Marine x2  
  142  23:17  Marine x2  
  148  23:22  Ghost  
  149  23:33  Marine  
  149  23:34  Marine  
Tags
 
Add a new tag
Caveats
  • Supply blocks, unpowered buildings, or Contaminate may cause inaccurate times.
  • Supply counts are checked every 10 seconds.